 Dungeon Crawl Stone Soup version 0.21.0-37-g46506fa (webtiles) character file.

1078 Kurtz the Chopper (level 8, -7/54 HPs)
             Began as an Octopode Abyssal Knight on Feb 2, 2018.
             Was a Follower of Lugonu.
             Mangled by an unseen horror (9 damage)
             ... on level 6 of the Dungeon.
             The game lasted 00:04:54 (4498 turns).

Kurtz the Chopper (Octopode Abyssal Knight)         Turns: 4498, Time: 00:04:54

Health: -7/54      AC:  1    Str: 16 (17) XL:     8   Next: 29%
Magic:  9/9        EV: 20    Int: 13 (14) God:    Lugonu [*.....]
Gold:   179        SH:  5    Dex: 17      Spells: 7/7 levels left

rFire    + . .     SeeInvis .   a - +1 hand axe
rCold    + + .     Gourm    .   o - +0 buckler
rNeg     . . .     Faith    .   (helmet restricted)
rPois    +         Spirit   .   (no amulet)
rElec    +         Reflect  .   c - +2 ring of strength
rCorr    +         Harm     .   f - ring of flight
MR       .....                  (no ring)
Stlth    ++++......             (no ring)
HPRegen  0.18/turn              (no ring)
MPRegen  0.11/turn              (no ring)
                                (no ring)
                                (no ring)

@: agile, resistant
A: almost no armour, stealthy swim, amphibious, 8 rings, constrict 8, camouflage
1, cold resistance 1, deterioration 1, strong 1, gelatinous body 1
a: Depart the Abyss, Renounce Religion, Evoke Flight


You were on level 6 of the Dungeon.
You worshipped Lugonu.
Lugonu was aware of your devotion.
You were not hungry.

You visited 1 branch of the dungeon, and saw 5 of its levels.
You visited the Abyss 1 time.

You collected 179 gold pieces.

Inventory:

Hand Weapons
 a - a +1 hand axe (weapon)
Missiles
 w - 4 tomahawks (quivered)
Armour
 o - a +0 buckler (worn)
Jewellery
 c - a +2 ring of strength (left tentacle)
 f - a ring of flight (right tentacle)
 v - an uncursed amulet of guardian spirit {unknown}
Scrolls
 e - 5 scrolls of remove curse {unknown}
 g - a scroll of magic mapping {unknown}
 h - 6 scrolls of identify {unknown}
 m - 3 scrolls of blinking {unknown}
 n - 2 scrolls of teleportation {unknown}
 t - a scroll of enchant weapon {unknown}
 u - a scroll of acquirement {unknown}
Potions
 j - a potion of brilliance
 l - a potion of flight
 s - a potion of agility
Books
 d - a book of Necromancy

   Spells                             Type                      Level
   a - Pain                           Necromancy                   1
   b - Animate Skeleton               Necromancy                   1
   c - Vampiric Draining              Necromancy                   3
   d - Regeneration                   Charms/Necromancy            3
   e - Animate Dead                   Necromancy                   4
   f - Borgnjor's Vile Clutch         Necromancy/Earth             5
 i - a Young Poisoner's Handbook

   Spells                             Type                      Level
   a - Sting                          Conjuration/Poison           1
   b - Poisonous Vapours              Poison/Air                   2
   c - Mephitic Cloud                 Conjuration/Poison/Air       3
   d - Olgreb's Toxic Radiance        Poison                       4
   e - Venom Bolt                     Conjuration/Poison           5
Comestibles
 b - 6 rations


   Skills:
 - Level 4.6 Fighting
 * Level 7.6 Axes
 + Level 4.0 Dodging
 * Level 2.5 Shields
 - Level 2.5 Invocations


You had 7 spell levels left.
You didn't know any spells.

Dungeon Overview and Level Annotations

Branches:
Dungeon (6/15)
 Temple: D:4-7

Altars:
Qazlal
Sif Muna


Innate Abilities, Weirdness & Mutations

You cannot wear most types of armour.
You are very stealthy in the water. (Stealth+)
You are amphibious.
You can wear up to eight rings at the same time.
You can use your tentacles to constrict eight enemies at once.
Your skin changes colour to match your surroundings (Stealth+).
Your rubbery body absorbs attacks. (AC +1, EV +1)
Your flesh is cold resistant. (rC+)
Your body sometimes deteriorates upon taking damage.
Your muscles are strong. (Str +2)


Message History

Something hits you.
* * * LOW HITPOINT WARNING * * *
Something hits you!
* * * LOW HITPOINT WARNING * * *
Your body deteriorates!
You feel dopey.
You feel much better. Something hits you! You block something's attack.
Something hits you.
* * * LOW HITPOINT WARNING * * *
You hit something but do no damage. Your squeeze misses something.
Something closely misses you. Something hits you!
* * * LOW HITPOINT WARNING * * *
Okay, then.
You feel better. Something hits you!
* * * LOW HITPOINT WARNING * * *
Your body deteriorates!
You feel weakened.
Unknown command.
You block something's attack. Something hits you!
You die...

######## #......#
#############.####.#
#....@...........#.#
#####.###########.##.#.#
#####.....# #......###
..........# ####>###.#
.#..#..#.....# #.##.#.
.##...##...#.# #.#.###
.###.###.....# #..## #
#.##.##.###..# #.##
##u#.#.###...# ##.# #


There were no monsters in sight!

Vanquished Creatures
  A yak (D:5)
  A neqoxec (Abyss:1)
  3 centaurs (D:5)
  An ogre (D:6)
  3 scorpions (D:5)
  A crimson imp (D:5)
  2 bullfrog zombies
  A quasit (D:5)
  2 worker ants (D:5)
  A hound zombie (D:5)
  A hound skeleton (D:6)
  7 adders
  A shadow imp (D:5)
  An adder skeleton (D:5)
  A worm (D:2)
  A dart slug (D:1)
  2 leopard geckos (D:5)
  3 orcs
  4 giant cockroaches
  9 goblins
  6 hobgoblins
  5 jackals
  A ball python (D:2)
  2 bats
  A frilled lizard (D:5)
  4 kobolds
  3 rats (D:2)
68 creatures vanquished.

Vanquished Creatures (others)
  A plant (D:2)
1 creature vanquished.

Grand Total: 69 creatures vanquished

Notes
Turn   | Place    | Note
-------+----------+-------------------------------------------
     0 | Abyss:1  | Kurtz the Octopode Abyssal Knight began the quest for the Orb.
     0 | Abyss:1  | Reached XP level 1. HP: 16/16 MP: 2/2
    35 | Abyss:1  | Noticed a small abomination
    36 | Abyss:1  | Noticed a tentacled starspawn
   101 | Abyss:1  | Noticed a neqoxec
   102 | Abyss:1  | Noticed an iron imp
   114 | Abyss:1  | Gained mutation: You tend to lose your temper in combat. [a neqoxec]
   115 | Abyss:1  | Killed a neqoxec
   115 | Abyss:1  | Reached XP level 2. HP: 9/23 MP: 3/3
   115 | Abyss:1  | Reached XP level 3. HP: 11/27 MP: 4/4
   115 | Abyss:1  | Reached XP level 4. HP: 14/34 MP: 5/5
   115 | Abyss:1  | Reached XP level 5. HP: 16/38 MP: 6/6
   118 | Abyss:1  | Noticed an ancient zyme
   124 | Abyss:1  | Noticed a tormentor
   126 | D:1      | Escaped the Abyss
   710 | D:1      | Reached skill level 3 in Axes
   879 | D:2      | Reached * piety under Lugonu
  1343 | D:2      | Found a deep blue altar of Sif Muna.
  1583 | D:2      | You fall through a shaft for 2 floors!
  1634 | D:4      | Noticed an ogre
  1651 | D:5      | Entered Level 5 of the Dungeon
  1829 | D:5      | Reached skill level 4 in Axes
  1829 | D:5      | Reached XP level 6. HP: 15/44 MP: 7/7
  2140 | D:5      | Reached skill level 1 in Shields
  2483 | D:5      | Reached skill level 5 in Axes
  2543 | D:5      | Reached XP level 7. HP: 33/49 MP: 8/8
  3159 | D:5      | Reached skill level 6 in Axes
  3868 | D:6      | Found a stormy altar of Qazlal.
  3879 | D:6      | Reached XP level 8. HP: 54/54 MP: 9/9
  4053 | D:6      | Noticed a yak
  4054 | D:6      | Noticed a yak
  4066 | D:5      | Killed a yak
  4066 | D:5      | Reached skill level 7 in Axes
  4473 | D:6      | Noticed a cyan ugly thing
  4490 | D:6      | Lost mutation: You tend to lose your temper in combat. [potion of mutation]
  4490 | D:6      | Gained mutation: Your body sometimes deteriorates upon taking damage. [potion of mutation]
  4490 | D:6      | Gained mutation: Your muscles are strong. (Str +2) [potion of mutation]
  4490 | D:6      | Gained mutation: Your flesh is cold resistant. (rC+) [potion of mutation]
  4496 | D:6      | HP: 1/54 [something (10)]
  4498 | D:6      | Mangled by an unseen horror

Skill      XL: |  1  2  3  4  5  6  7  8 |
---------------+-------------------------+-----
Fighting       | 4 |  4.6
Dodging        | 3 4 |  4.0
Axes           | 4 5 6 7 |  7.6
Shields        | 1 2 |  2.5
Invocations    | |  2.5

Action                   |  1- 3 |  4- 6 |  7- 9 || total
-------------------------+-------+-------+-------++-------
Melee: Hand axe          |     9 |   113 |    67 ||   189
       Tentacles         |     3 |    19 |    13 ||    35
       Constrict         |     1 |    27 |     8 ||    36
Invok: Depart the Abyss  |       |     1 |       ||     1
  Use: Potion            |       |       |    15 ||    15
 Stab: Sleeping          |       |     5 |     4 ||     9
       Distracted        |       |     1 |       ||     1
  Eat: Chunk             |       |     5 |     6 ||    11
Armor: Skin              |       |     5 |     5 ||    10
Dodge: Dodged            |     5 |    54 |    55 ||   114
Block: Buckler           |       |     6 |    18 ||    24
